 Dungeon Crawl Stone Soup version 0.26-a0-639-g72c4674329 (webtiles) character file.

Game seed: 8508459646100029649

198 DogServant the Digger (level 5, 0/42 HPs)
             Began as a Gargoyle Earth Elementalist on Sept 19, 2020.
             Slain by a worker ant (3 damage)
             ... on level 4 of the Dungeon.
             The game lasted 00:06:17 (3999 turns).

DogServant the Digger (Gargoyle Earth Elementalist) Turns: 3999, Time: 00:06:18

Health: 0/42       AC:  6    Str: 11    XL:     5   Next: 76%
Magic:  0/10       EV: 12    Int: 17    God:
Gold:   37         SH:  1    Dex: 10    Spells: 4/10 levels left

rFire    + . .     SeeInvis .   h - +0 short sword
rCold    x . .     Faith    .   m - -2 buckler
rNeg     + . .     Spirit   .   c - +0 robe
rPois    ∞         Reflect  .   (no helmet)
rElec    +         Harm     .   (no cloak)
rCorr    .         Rampage  .   (no gloves)
MR       .....                  (no boots)
Stlth    ..........             (no amulet)
HPRegen  0.14/turn              i - ring of fire
MPRegen  0.12/turn              (no ring)

@: berserking, very quick
A: negative energy resistance 1, electricity resistance, unbreathing,
petrification resistance, rot immunity, AC +4
a: no special abilities


You were on level 4 of the Dungeon.
You visited 1 branch of the dungeon, and saw 4 of its levels.

You collected 37 gold pieces.

Inventory:

Hand Weapons
 h - a +0 short sword (weapon)
Missiles
 b - 49 stones (quivered)
Armour
 c - a +0 robe (worn)
 m - a -2 buckler (worn)
Jewellery
 i - a ring of fire (left hand)
Scrolls
 d - a scroll of identify
 e - a scroll of remove curse
 k - a scroll of blinking {unknown}
Potions
 a - 2 potions of degeneration
 g - a potion of magic
 l - a potion of cancellation


   Skills:
 + Level 3.0 Dodging
 - Level 2.2 Stealth
 + Level 3.4 Spellcasting
   Level 0.7 Transmutations
 + Level 5.3 Earth Magic


You had 4 spell levels left.
You knew the following spells:

 Your Spells              Type           Power        Failure   Level
a - Sandblast             Erth           ###...       3%          1
b - Stone Arrow           Conj/Erth      ##....       28%         3
c - Slow                  Hex            #.......     38%         2

Your spell library contained the following spells:

 Spells                   Type           Power        Failure   Level
 Passwall                 Tmut/Erth      ##......     12%         2
 Magic Dart               Conj           #...         28%         1
 Blink                    Tloc           N/A          38%         2
 Call Imp                 Summ           #.......     38%         2
 Conjure Flame            Conj/Fire      #.......     63%         3
 Mephitic Cloud           Conj/Pois/Air  #.......     63%         3
 Petrify                  Tmut/Erth      ##......     63%         4
 Lee's Rapid Deconstruct  Erth           ###.......   65%         5


Dungeon Overview and Level Annotations

Branches:
Dungeon (3/15)

Altars:
Cheibriados
Uskayaw


Innate Abilities, Weirdness & Mutations

You are resistant to torment.
Your stone body is resilient. (AC +4)
You are immune to poison.
You resist negative energy. (rN+)
You are resistant to electric shocks. (rElec)
You can survive without breathing.
You are immune to petrification.
You are immune to rotting.


Message History

Aiming: Sandblast (safe; 3% risk of failure)
Press: ? - help, Shift-Dir - straight line, f/p - worker ant
Aim: a worker ant (heavily wounded)
The blast of sand hits the worker ant.
The worker ant is severely wounded.
b - 49 stones The worker ant misses you.
Casting: Sandblast (safe; 3% risk of failure)
Confirm with . or Enter, or press ? or * to list all spells.
You don't have enough magic to cast that spell.
The worker ant misses you.
Okay, then.
Okay, then.
A red film seems to cover your vision as you go berserk!
You feel yourself moving faster!
You feel mighty!
The worker ant bites you but does no damage.
You barely miss the worker ant.
The worker ant is severely wounded.
The worker ant bites you.
You die...

#........ .#.
#........
...#####........
#..............
#..............
#..............
#.......)......
#.....a@†).....
####..............
..................
.................P
....#####+###...##
... ..P# .... .P#.


You could see a worker ant.

Vanquished Creatures
  An orc priest (D:4)
  An orc wizard (D:4)
  2 adders
  6 gnolls
  An ooze (D:1)
  A worm (D:2)
  3 dart slugs
  A leopard gecko (D:2)
  An orc (D:4)
  2 giant cockroaches
  3 hobgoblins (D:1)
  9 jackals
  9 kobolds
  A quokka (D:2)
  5 frilled lizards
  4 goblins (D:1)
  6 rats
56 creatures vanquished.

Notes
Turn   | Place    | Note
-------+----------+-------------------------------------------
     0 | D:1      | DogServant the Gargoyle Earth Elementalist began the quest
                  | for the Orb.
     0 | D:1      | Reached XP level 1. HP: 10/10 MP: 3/3
   318 | D:1      | Reached XP level 2. HP: 12/15 MP: 1/5
   407 | D:1      | Reached skill level 4 in Earth Magic
  1169 | D:1      | Reached XP level 3. HP: 19/19 MP: 3/6
  1964 | D:1      | Learned a level 3 spell: Stone Arrow
  2110 | D:2      | Learned a level 2 spell: Slow
  2146 | D:2      | Found a hide-covered altar of Uskayaw.
  2610 | D:2      | Reached XP level 4. HP: 12/24 MP: 6/8
  3046 | D:2      | Found a snail-covered altar of Cheibriados.
  3670 | D:3      | Reached XP level 5. HP: 6/28 MP: 7/9
  3930 | D:3      | Reached skill level 5 in Earth Magic
  3959 | D:3      | You fall into a shaft and drop 1 floor!
  3999 | D:4      | Slain by a worker ant

Illustrated notes

Levels and vault maps discovered:
D:1:      lemuel_arrival_behind_the_door_small, layout_basic
D:2:      layout_loops_corners, kennysheep_slug_shrine,
          eat_drink_and_be_merry_uskayaw, minivault_27
D:3:      layout_loops_ring, old_standard_altar, minivault_11, uniq_grinder
D:4:      layout_gridville, lemuel_crystal_altar,
          minmay_temple_entry_gardened_gates, cheibrodos_sewer_entry_bend,
          serial_bayou_ford_a, uniq_ijyb, uniq_sigmund

Skill      XL: |  1  2  3  4  5 |
---------------+----------------+-----
Earth Magic    | 4 5 |  5.3
Dodging        | 2 3 |  3.0
Spellcasting   | 3 |  3.4
Stealth        | |  2.2
Transmutations | |  0.7

Action                   |  1- 3 |  4- 6 || total
-------------------------+-------+-------++-------
Melee: Unarmed           |   133 |       ||   133
       Short sword       |    25 |    55 ||    80
 Cast: Sandblast         |    33 |    25 ||    58
  Use: Scroll            |       |     6 ||     6
       Potion            |       |     1 ||     1
 Stab: Sleeping          |     3 |     1 ||     4
Armor: Robe              |    60 |    19 ||    79
Dodge: Dodged            |    97 |    47 ||   144

Table legend: (Time is in decaauts)
 A = Elapsed time spent in this place.
 B = Non-inter-level travel time spent in this place.
 C = Inter-level travel time spent in this place.
 D = Time resting spent in this place.
 E = Time spent auto-exploring this place.
 F = Levels seen in this place.
 G = Mean time per level.
                   A        B        C        D        E       F      G
               +--------+--------+--------+--------+--------+-----+--------+
         Total |   4005 |   3923 |     82 |    916 |   2532 |   4 | 1001.2 |
       Dungeon |   4005 |   3923 |     82 |    916 |   2532 |   4 | 1001.2 |
               +--------+--------+--------+--------+--------+-----+--------+

Top non-repeatable levels by time:
     D:1: 1985 daAuts
     D:2: 1674 daAuts
     D:3: 304 daAuts
     D:4: 42 daAuts
